 Dungeon Crawl Stone Soup version 0.32-a0-40-g2adb59ae06 (webtiles) character file.

Game seed: 7949264703471534832

39 pokeman the Magician (level 3, 0/20 HPs)
             Began as a Deep Elf Hedge Wizard on Jan 24, 2024.
             Slain by a ball python (1 damage)
             ... on level 3 of the Dungeon.
             The game lasted 00:02:51 (1876 turns).

pokeman the Magician (Deep Elf Hedge Wizard)        Turns: 1876, Time: 00:02:51

Health: 0/20       AC:  3    Str:  7    XL:     3   Next: 28%
Magic:  8/11       EV:  9    Int: 20    God:
Gold:   88         SH:  0    Dex: 14    Spells: 11/12 levels left

rFire   . . .        a - +0 dagger
rCold   . . .        (no shield)
rNeg    . . .        b - +0 robe
rPois   .            c - +0 hat
rElec   .            (no cloak)
rCorr   .            (no gloves)
SInv    .            k - +0 pair of boots
Will    .....        (no amulet)
Stlth   ++           (no ring)
HPRegen 0.23/turn    (no ring)
MPRegen 0.12/turn

%: no passive effects
@: constricted
A: no striking features
a: no special abilities


You were on level 3 of the Dungeon.
You visited 1 branch of the dungeon, and saw 3 of its levels.

You collected 88 gold pieces.

Inventory:

Hand Weapons
 a - a +0 dagger (weapon)
Armour
 b - a +0 robe (worn)
 c - a +0 hat (worn)
 k - a +0 pair of boots (worn)
Scrolls
 f - a scroll of blinking {unknown}
 h - 2 scrolls of teleportation {unknown}
 j - a scroll of fear {unknown}
 l - 4 scrolls of identify {unknown}
 m - a scroll of amnesia {unknown}
Potions
 d - a potion of magic
 e - 2 potions of heal wounds {unknown}
 g - a potion of attraction {unknown}
 i - a potion of curing {unknown}


   Skills:
 + Level 0.8 Fighting
 + Level 0.9 Armour
 - Level 2.4 Dodging
 - Level 2.4 Stealth
 * Level 5.1 Spellcasting
 + Level 1.8 Conjurations
 - Level 1.1 Summonings
 - Level 1.1 Translocations


You had 11 spell levels left.
You knew the following spells:

 Your Spells              Type           Power      Damage    Failure   Level
a - Magic Dart            Conj           48%        1d5       5%          1

Your spell library contained the following spells:

 Spells                   Type           Power      Damage    Failure   Level
 Blink                    Tloc           18%        N/A       11%         2
 Call Imp                 Summ           18%        N/A       11%         2
 Slow                     Hex            20%        N/A       12%         1
 Cigotuvi's Dreadful Rot  Necr/Alch/Air  10%        N/A       17%         2
 Mephitic Cloud           Conj/Alch/Air  7%         N/A       26%         3


Dungeon Overview and Level Annotations

Branches:
Dungeon (3/15)

Altars:
Hepliaklqana

Shops:
D:2 ?


Message History

Ouch! That really hurt!
* * * LOW HITPOINT WARNING * * *
A ball python comes into view.
The orc priest mumbles some strange prayers to Beogh against you.
You barely resist.
The ball python bites you but does no damage.
The ball python closely misses you.
An orc wizard comes into view. It is wielding a +0 dagger.
The ball python barely misses you. The ball python closely misses you.
The ball python attacks as it pursues you!
The ball python barely misses you. The ball python misses you.
Casting: Magic Dart (safe; 5% risk of failure)
Confirm with . or Enter, or press ? or * to list all spells.
Aiming: Magic Dart (safe; 5% risk of failure)
Press: ? - help, Shift-Dir - straight line, f - orc wizard
Aim: an orc wizard, wielding a +0 dagger and wearing a +0 robe (100% to hit)
The magic dart hits the orc wizard but does no damage.
The ball python closely misses you. The ball python grabs you.
The ball python constricts you.
Unknown command.
Casting: Magic Dart (safe; 5% risk of failure)
Confirm with . or Enter, or press ? or * to list all spells.
Aiming: Magic Dart (safe; 5% risk of failure)
Press: ? - help, Shift-Dir - straight line, f/p - orc wizard
Aim: an orc wizard, wielding a +0 dagger and wearing a +0 robe (100% to hit)
The magic dart hits the orc wizard.
The orc wizard is lightly wounded.
The ball python barely misses you. The ball python constricts you.
* * * LOW HITPOINT WARNING * * *
The orc wizard hits you with a +0 dagger.
* * * LOW HITPOINT WARNING * * *
Casting: Magic Dart (safe; 5% risk of failure)
Confirm with . or Enter, or press ? or * to list all spells.
Aiming: Magic Dart (safe; 5% risk of failure)
Press: ? - help, Shift-Dir - straight line, f/p - orc wizard
Aim: an orc wizard, wielding a +0 dagger and wearing a +0 robe (lightly wounded, 100% to hit)
The magic dart hits the orc wizard.
The orc wizard is moderately wounded.
The ball python bites you.
You die...

##..## ##. #.#
#.##.# #.# ..# ##
###.##.# ##.##..#
...
#......##.......#
.... #......##.....#
....##......##.....#
#......##.......#
###S#######o....#
#@# ##...##### #o#
#..### #.# #o## #.#
#.# #.# #.# #.# #.#
..###.. #g#
.......###o#
......o<.lo#


You could see an orc wizard and a ball python.

Vanquished Creatures
  An adder (D:2)
  A dart slug (D:1)
  4 bats (D:2)
  3 endoplasms
  A giant cockroach (D:1)
  2 hobgoblins (D:2)
  A jackal (D:2)
  2 quokkas (D:2)
  4 frilled lizards
  4 goblins (D:2)
  A kobold (D:2)
  3 rats (D:2)
27 creatures vanquished.

Notes
Turn   | Place    | Note
-------+----------+-------------------------------------------
     0 | D:1      | pokeman the Deep Elf Hedge Wizard began the quest for the
                  | Orb.
     0 | D:1      | Reached XP level 1. HP: 10/10 MP: 7/7
   788 | D:2      | Reached XP level 2. HP: 16/16 MP: 6/9
   823 | D:2      | Found Puyl Wib's Magic Scroll Boutique.
  1203 | D:2      | Found a hazy altar of Hepliaklqana.
  1279 | D:2      | Reached skill level 5 in Spellcasting
  1373 | D:2      | Reached XP level 3. HP: 15/20 MP: 3/11
  1875 | D:3      | HP: 1/20 [orc wizard/+0 dagger (4)]
  1876 | D:3      | Slain by a ball python

Illustrated notes

Levels and vault maps discovered:
D:1:      orjb1_lava_funnel, layout_loops_ring, serial_bayou_pond_e
D:2:      layout_basic, serial_shops, nicolae_shop_crystal, basic_altar,
          minmay_cupped
D:3:      minmay_general_purpose_star, layout_rooms,
          shapermc_ecumenical_altar_notcrosses, nicolae_houndstooth_variations

Skill      XL: |  1  2 |
---------------+-------+-----
Spellcasting   | 5 |  5.1
Fighting       | |  0.8
Armour         | |  0.9
Dodging        | |  2.4
Stealth        | |  2.4
Conjurations   | |  1.8
Summonings     | |  1.1
Translocations | |  1.1

Action                     || total
---------------------------++-------
  Melee: Dagger            ||     1
   Cast: Magic Dart        ||    75
   Stab: Sleeping          ||     1
 Armour: Robe              ||    13
  Dodge: Dodged            ||    16

Table legend: (Time is in decaauts)
 A = Elapsed time spent in this place.
 B = Non-inter-level travel time spent in this place.
 C = Inter-level travel time spent in this place.
 D = Time resting spent in this place.
 E = Time spent auto-exploring this place.
 F = Levels seen in this place.
 G = Mean time per level.
                   A        B        C        D        E       F      G
               +--------+--------+--------+--------+--------+-----+--------+
         Total |   1875 |   1794 |     81 |      4 |   1577 |   3 |  625.0 |
       Dungeon |   1875 |   1794 |     81 |      4 |   1577 |   3 |  625.0 |
               +--------+--------+--------+--------+--------+-----+--------+

Top non-repeatable levels by time:
     D:2: 1088 daAuts
     D:1: 757 daAuts
     D:3: 29 daAuts
